 Dungeon Crawl Stone Soup version 0.26-a0-597-gb535b0901c (webtiles) character file.

Game seed: 15721793999988997574

8 Alarkh the Twirler (level 2, 20/22 HPs)
             Began as a Demonspawn Gladiator on Sept 10, 2020.
             Got out of the dungeon alive.
             The game lasted 00:00:17 (159 turns).

Alarkh the Twirler (Demonspawn Gladiator)            Turns: 159, Time: 00:00:17

Health: 20/22      AC:  4    Str: 14    XL:     2   Next: 0%
Magic:  2/2        EV: 12    Int:  9    God:
Gold:   0          SH:  0    Dex: 14    Spells: 1/1 levels left

rFire    . . .     SeeInvis .   a - +0 quarterstaff
rCold    . . .     Faith    .   (shield currently unavailable)
rNeg     . . .     Spirit   .   b - +0 leather armour
rPois    .         Reflect  .   c - +0 helmet
rElec    .         Harm     .   (no cloak)
rCorr    .                      (no gloves)
MR       .....                  (no boots)
Stlth    +.........             (no amulet)
HPRegen  0.07/turn              (no ring)
MPRegen  0.08/turn              (no ring)

@: no status effects
A: sanguine armour 1
a: no special abilities


You escaped.
You visited 1 branch of the dungeon, and saw 1 of its levels.

Inventory:

Hand Weapons
 a - a +0 quarterstaff (weapon)
Missiles
 d - 3 throwing nets (quivered)
Armour
 b - a +0 leather armour (worn)
 c - a +0 helmet (worn)
Scrolls
 g - a scroll of magic mapping {unknown}
Potions
 e - a potion of brilliance {unknown}
 f - a potion of resistance {unknown}
 h - a potion of lignification {unknown}
 i - a potion of mutation {unknown}


   Skills:
 + Level 2.2 Fighting
 * Level 3.1 Staves
 - Level 1.7 Throwing
 - Level 2.6 Dodging


You had one spell level left.
You didn't know any spells.
Your spell library was empty.

Dungeon Overview and Level Annotations

Branches:
Dungeon (1/15)

Altars:


Innate Abilities, Weirdness & Mutations

When seriously injured, your bleeding wounds create armour. (AC +0)


Message History

No target in view!
No target in view!
No target in view!
No target in view!
No target in view!
No target in view!
A goblin comes into view.
A goblin is nearby!
A goblin is nearby!
A goblin is nearby!
The goblin shouts!
You hit the goblin.
You kill the goblin!
You have reached level 2!
Your demonic ancestry asserts itself...
You feel your blood ready itself to protect you.
i - a fuming coppery potion
There is a staircase leading out of the dungeon here.
Are you sure you want to leave the Dungeon?
This will make you lose the game!
You have escaped!

#.#.........##### ###
#.###...........# #.#
####............#
#.#####...............
#....##...............
#....##...............
#....###..............
##...8.#...............
#.....@#..............#
#....8.#.............##
#.....##...#####...###
#.....##.........#..#
#.....##...########.#
#..#####..### ###.###
#..#####....# ##......
#..#........# ##.......
##..........###........


There were no monsters in sight!

Vanquished Creatures
  A dart slug (D:1)
  A bat (D:1)
  2 goblins (D:1)
  A frilled lizard (D:1)
  A kobold (D:1)
6 creatures vanquished.

Notes
Turn   | Place    | Note
-------+----------+-------------------------------------------
     0 | D:1      | Alarkh the Demonspawn Gladiator began the quest for the
                  | Orb.
     0 | D:1      | Reached XP level 1. HP: 16/16 MP: 1/1
   122 | D:1      | Reached skill level 3 in Staves
   128 | D:1      | Gained mutation: When seriously injured, your bleeding
                  | wounds create armour. (AC +0) [demonic ancestry]
   128 | D:1      | Reached XP level 2. HP: 18/22 MP: 2/2
   159 | D:$      | Got out of the dungeon alive.

Illustrated notes

Levels and vault maps discovered:
D:1:      mrwooster_arrival_statue, layout_rooms

Skill      XL: |  1 |
---------------+----+-----
Staves         | 3 |  3.1
Fighting       | |  2.2
Throwing       | |  1.7
Dodging        | |  2.6

Action                   || total
-------------------------++-------
Melee: Quarterstaff      ||    17
Armor: Leather armour    ||    10
Dodge: Dodged            ||    11

Table legend: (Time is in decaauts)
 A = Elapsed time spent in this place.
 B = Non-inter-level travel time spent in this place.
 C = Inter-level travel time spent in this place.
 D = Time resting spent in this place.
 E = Time spent auto-exploring this place.
 F = Levels seen in this place.
 G = Mean time per level.
                   A        B        C        D        E       F      G
               +--------+--------+--------+--------+--------+-----+--------+
         Total |    161 |    135 |     26 |      0 |     90 |   1 |  161.0 |
       Dungeon |    161 |    135 |     26 |      0 |     90 |   1 |  161.0 |
               +--------+--------+--------+--------+--------+-----+--------+

Top non-repeatable levels by time:
     D:1: 161 daAuts
